 Dungeon Crawl Stone Soup version 0.25.1-2-g60ff931df9 (webtiles) character file.

Game seed: 284848503128648691

28 Anlio the Skirmisher (level 3, -1/31 HPs)
             Began as a Barachi Abyssal Knight on Oct 29, 2020.
             Was a Believer of Lugonu.
             Killed from afar by a white imp (8 damage)
             ... with a puff of frost
             ... summoned by Natasha
             ... on level 2 of the Dungeon.
             The game lasted 00:04:37 (1219 turns).

Anlio the Skirmisher (Barachi Abyssal Knight)       Turns: 1219, Time: 00:04:39

Health: -1/31      AC:  3    Str: 13    XL:     3   Next: 14%
Magic:  4/4        EV: 11    Int: 12    God:    Lugonu [**....]
Gold:   54         SH:  0    Dex: 12    Spells: 2/2 levels left

rFire    . . .     SeeInvis .   a - +1 falchion
rCold    . . .     Gourm    .   (no shield)
rNeg     . . .     Faith    .   b - +0 leather armour
rPois    .         Spirit   .   (no helmet)
rElec    .         Reflect  .   (no cloak)
rCorr    .         Harm     .   (no gloves)
MR       .....                  (no boots)
Stlth    +.........             (no amulet)
HPRegen  0.10/turn              (no ring)
MPRegen  0.09/turn              (no ring)

@: lethally poisoned (-1 -> -7), slow
A: +LOS, swims, slowness 1, strong legs 1
a: Hop, Depart the Abyss, Bend Space, Renounce Religion


You were on level 2 of the Dungeon.
You worshipped Lugonu.
Lugonu was pleased with you.
You were hungry.

You visited 1 branch of the dungeon, and saw 2 of its levels.
You visited the Abyss 1 time.

You collected 54 gold pieces.

Inventory:

Hand Weapons
 a - a +1 falchion (weapon)
 f - a +0 spear of freezing
Armour
 b - a +0 leather armour (worn)
Scrolls
 e - a scroll of amnesia
Potions
 h - 3 potions of ambrosia
 j - a potion of degeneration {unknown}
Comestibles
 c - 4 rations
 d - 2 chunks of flesh


   Skills:
 + Level 4.3 Fighting
 + Level 3.0 Long Blades
 + Level 2.8 Armour
 + Level 1.1 Dodging
 + Level 0.2 Stealth
 + Level 1.7 Invocations


You had 2 spell levels left.
You didn't know any spells.
Your spell library was empty.

Dungeon Overview and Level Annotations

Branches:
Dungeon (2/15)

Altars:
Dithmenos
Ru
The Shining One

Annotations:
D:2 Natasha


Innate Abilities, Weirdness & Mutations

You can be seen from farther away. (+LOS)
You can swim through water.
You cover ground slowly.
You can hop short distances.


Message History

Natasha casts a spell.
The adder bites you.
You are more poisoned.
The adder poisons you!
You hit the adder.
The adder is heavily wounded.
You feel sick. The adder barely misses you. Natasha barely misses you.
The adder bites you. Natasha claws you.
* * * LOW HITPOINT WARNING * * *
You are feeling hungry.
You feel sick.
Natasha casts a spell.
The adder closely misses you. The adder bites you but does no damage.
You feel yourself speed up.
You feel sick. The adder bites you but does no damage.
The white imp misses you. The adder bites you but does no damage.
Natasha closely misses you. The white imp gestures at you.
The puff of frost hits you!
You die...

#.##### #..(... ####### #
. ######## # ..########
#......########
........###......#.....##
..........+......'.......
#.5.5@##.....÷#.....##
#...Sh.#....÷.#.....#
#...5#.#_.....#######
#....#.###.####
#######.....# ###_##
#.....# .8...8##.....#
......##.....#
......8#.....#


You could see an iron imp (summoned), Natasha, an adder and 2 white imps.

Vanquished Creatures
  A leopard gecko (D:1)
  A giant cockroach (D:1)
  4 goblins
  5 hobgoblins (D:1)
  5 kobolds (D:1)
  A ball python (D:2)
  A bat (D:1)
  3 frilled lizards
  5 rats (D:1)
26 creatures vanquished.

Notes
Turn   | Place    | Note
-------+----------+-------------------------------------------
     0 | Abyss:1  | Anlio the Barachi Abyssal Knight began the quest for the
                  | Orb.
     0 | Abyss:1  | Reached XP level 1. HP: 18/18 MP: 2/2
    19 | D:1      | Escaped the Abyss
   471 | D:1      | Reached XP level 2. HP: 25/25 MP: 3/3
   504 | D:1      | Reached skill level 4 in Fighting
   905 | D:1      | Reached XP level 3. HP: 28/30 MP: 4/4
  1138 | D:2      | Reached ** piety under Lugonu
  1166 | D:2      | Found a shadowy altar of Dithmenos.
  1189 | D:2      | Found a sacrificial altar of Ru.
  1196 | D:2      | Found a glowing golden altar of the Shining One.
  1211 | D:2      | Noticed Natasha
  1219 | D:2      | Killed from afar by a white imp

Illustrated notes

Levels and vault maps discovered:
D:1:      lemuel_arrival_rhombus, layout_loops_ring
D:2:      layout_basic, overflow_temple_1_default,
          nicolae_overflow_hidden_temple, minmay_rat_gold_closets, uniq_natasha

Skill      XL: |  1  2  3 |
---------------+----------+-----
Fighting       | 4 |  4.3
Long Blades    | 3 |  3.0
Armour         | |  2.8
Dodging        | |  1.1
Stealth        | |  0.2
Invocations    | |  1.7

Action                   || total
-------------------------++-------
Melee: Falchion          ||    65
 Abil: Hop               ||     1
  Use: Scroll            ||     5
  Eat: Chunk             ||     1
Armor: Leather armour    ||    25
Dodge: Dodged            ||    41
       Rpst.: Falchion   ||    14
